Map: [TLMC19] Atlantis

Players

DKZDark (Dark) - Winner!

  • Race: Zerg Zerg
  • League: Master
  • Spawn Location: 11:00

DKZherO (herO)

  • Race: Protoss Protoss
  • League: Master
  • Spawn Location: 5:00

VOD

Have the link to the VOD?

Description

Time

  • Played on: Dec. 23, 2023, 7:37 a.m.
  • Length: 8:36
Show
View Real Time Build Order
Export as new Build Order

DKZDark Zerg - Winner!

Build Orders: Hatch First 

Get SALT Encoding   

  12  0:00  Drone  
  13  0:12  Overlord  
  13  0:16  Drone  
  14  0:31  Drone x2  
  16  0:51  Drone  
  16  0:52  Hatchery  
  16  0:55  Drone  
  17  0:58  Drone  
  18  1:10  Extractor  
  17  1:15  Spawning Pool  
  17  1:17  Drone  
  17  1:21  Drone  
  18  1:27  Drone  
  19  1:39  Drone  
  20  1:53  Overlord  
  20  2:03  Queen  
  20  2:04  Queen, Zergling x2  
  25  2:10  Metabolic Boost  
  25  2:13  Zergling x2  
  26  2:18  Zergling x2  
  26  2:19  Zergling x2  
  28  2:23  Drone  
  28  2:25  Drone  
  30  2:34  Overlord  
  30  2:38  Drone  
  31  2:44  Hatchery  
  31  2:50  Queen  
  32  2:55  Drone x2  
  33  2:59  Drone  
  34  3:05  Overlord  
  34  3:06  Drone  
  35  3:13  Queen  
  35  3:15  Drone x2  
  39  3:21  Overlord  
  39  3:22  Drone  
  39  3:23  Drone  
  39  3:25  Drone  
  42  3:27  Drone  
  43  3:34  Overlord  
  43  3:37  Drone  
  43  3:38  Drone x2  
  45  3:43  Queen  
  45  3:45  Drone  
  45  3:47  Evolution Chamber  
  47  3:51  Queen  
  49  3:58  Spore Crawler  
  49  3:59  Spore Crawler  
  49  4:00  Zergling x4  
  49  4:05  Drone x3  
  49  4:07  Drone  
  53  4:10  Drone x2  
  53  4:12  Drone  
  53  4:13  Drone  
  57  4:18  Zerg Melee Weapons Level 1  
  57  4:24  Zergling x6  
  57  4:25  Drone x2  
  57  4:27  Drone  
  57  4:30  Drone x2  
  57  4:31  Extractor  
  64  4:37  Drone x2  
  64  4:38  Drone  
  64  4:44  Drone x2  
  65  4:51  Overlord  
  65  4:55  Spore Crawler, Overlord, Drone  
  65  4:56  Overlord  
  65  5:01  Baneling Nest  
  65  5:02  Hatchery  
  63  5:10  Drone  
  63  5:11  Drone x2, Zergling x12  
  72  5:20  Zergling x8  
  76  5:27  Zergling x12  
  81  5:39  Zergling x2  
  81  5:43  Lair  
  81  5:45  Hatchery  
  81  5:46  Zergling x2  
  81  5:47  Overlord x2  
  81  5:49  Overlord x3  
  81  5:58  Baneling x7  
  81  6:02  Overlord  
  81  6:06  Baneling  
  81  6:08  Zergling x16  
  89  6:12  Zergling x4, Zerg Ground Armor Level 1  
  89  6:15  Zergling x4  
  90  6:26  Zergling x2  
  90  6:27  Zergling x10  
  90  6:29  Zergling x2  
  90  6:30  Zergling x4  
  97  6:34  Zergling x4  
  97  6:35  Zergling x4  
  97  6:36  Zergling x6  
  104  6:46  Zergling x8  
  100  6:49  Zergling x6  
  100  6:53  Zergling x2  
  100  6:54  Zergling x2  
  93  6:58  Zergling x10  
  93  6:59  Infestation Pit  
  90  7:02  Drone  
  90  7:04  Drone  
  90  7:05  Drone  
  90  7:07  Zergling x4  
  95  7:09  Zergling x4  
  95  7:12  Zergling x4  
  96  7:17  Zergling x8  
  96  7:21  Zergling x2  
  96  7:22  Zergling x2  
  94  7:24  Drone  
  94  7:25  Drone  
  94  7:29  Drone x2  
  96  7:30  Zergling x4  
  96  7:36  Zergling x2  
  96  7:37  Zergling x4  
  101  7:40  Zergling x2  
  101  7:43  Zergling x4  
  101  7:44  Zergling x4  
  106  7:46  Drone  
  106  7:48  Zergling x6  
  106  7:49  Zergling x4  
  112  7:52  Zergling x6  
  112  7:53  Zergling x8  
  112  7:54  Zergling x2  
  112  7:58  Zergling x4  
  121  8:01  Zergling x2  
  121  8:04  Zergling x4  
  125  8:05  Zergling x6  
  125  8:06  Zergling x4  
  125  8:11  Drone  
  130  8:13  Extractor  
  130  8:14  Drone x2  
  130  8:15  Extractor  
Show
View Real Time Build Order
Export as new Build Order

DKZherO Protoss 

Build Orders: 1 Gate Expand, Oracle Opening 

Get SALT Encoding   

  12  0:00  Probe  
  13  0:15  Pylon  
  13  0:17  Probe (Chrono Boost)  
  14  0:26  Probe (Chrono Boost)  
  15  0:31  Probe (Chrono Boost)  
  16  0:38  Gateway  
  16  0:43  Probe  
  16  0:48  Assimilator  
  17  0:55  Probe  
  18  1:07  Probe  
  19  1:20  Probe  
  20  1:26  Nexus  
  20  1:36  Cybernetics Core  
  20  1:39  Probe  
  21  1:46  Assimilator  
  21  1:51  Probe  
  22  1:54  Pylon  
  22  2:03  Probe  
  23  2:10  Adept (Chrono Boost)  
  26  2:15  Probe  
  26  2:17  Stargate  
  26  2:25  Warp Gate  
  26  2:27  Probe  
  27  2:30  Adept (Chrono Boost)  
  29  2:38  Probe (Chrono Boost)  
  31  2:45  Probe (Chrono Boost)  
  31  2:48  Probe (Chrono Boost)  
  32  2:52  Stalker  
  32  2:53  Probe (Chrono Boost)  
  32  2:54  Probe (Chrono Boost)  
  36  3:04  Probe  
  37  3:06  Oracle (Chrono Boost)  
  37  3:08  Probe  
  41  3:15  Pylon  
  41  3:17  Probe  
  42  3:20  Probe  
  43  3:28  Gateway  
  43  3:32  Probe x2  
  45  3:36  Oracle  
  48  3:50  Nexus  
  48  3:51  Probe x2  
  50  3:55  Pylon  
  50  4:01  Twilight Council  
  50  4:05  Probe x2  
  50  4:08  Assimilator  
  52  4:13  Assimilator  
  52  4:17  Probe x2  
  52  4:23  Gateway  
  52  4:24  Gateway  
  54  4:30  Probe x2  
  56  4:32  Blink (Chrono Boost)  
  56  4:39  Stalker x2  
  56  4:42  Probe x2  
  62  4:48  Pylon  
  62  5:02  Probe x2  
  62  5:03  Gateway  
  62  5:04  Gateway  
  64  5:08  Stalker x2  
  68  5:14  Probe x3  
  68  5:17  Shield Battery  
  68  5:26  Probe x3  
  71  5:37  Oracle (Chrono Boost)  
  71  5:39  Stalker x4  
  71  5:42  Probe  
  81  5:43  Probe x2  
  81  5:47  Pylon  
  83  5:53  Pylon  
  83  5:55  Gateway, Probe  
  84  5:57  Gateway  
  84  6:06  Gateway  
  84  6:07  Stalker x3  
  90  6:15  Charge  
  90  6:16  Stalker x2  
  90  6:17  Stalker  
  96  6:23  Pylon  
  96  6:25  Shield Battery  
  94  6:33  Pylon  
  94  6:38  Pylon  
  75  6:56  Oracle (Chrono Boost)  
  75  6:59  Stalker x7  
  88  7:16  Pylon  
  82  7:24  Nexus  
  82  7:27  Oracle, Pylon  
  85  7:32  Stalker  
  89  7:46  Stalker x6  
  89  7:49  Shield Battery  
  99  7:51  Probe x2  
  99  7:55  Pylon  
  101  8:01  Forge  
  101  8:05  Probe x2  
  103  8:08  Stalker  
Tags
 
Add a new tag
Caveats
  • Supply blocks, unpowered buildings, or Contaminate may cause inaccurate times.
  • Supply counts are checked every 10 seconds.